 Dungeon Crawl Stone Soup version 0.21.1-1-g345015f (webtiles) character file.

40531 dvd the Brawler (level 13, 0/118 HPs)
             Began as a Troll Monk on July 12, 2018.
             Was a High Priest of Yredelemnul.
             Killed from afar by a lindwurm (45 damage)
             ... with a blast of flame
             ... on level 6 of the Lair of Beasts.
             The game lasted 00:54:35 (13911 turns).

dvd the Brawler (Troll Monk)                       Turns: 13911, Time: 00:54:36

Health: 0/118      AC: 11    Str: 26    XL:     13   Next: 75%
Magic:  18/18      EV: 14    Int:  6    God:    Yredelemnul [*****.]
Gold:   1216       SH: 11    Dex: 12    Spells: 12/12 levels left

rFire    x . .     SeeInvis +     - Unarmed
rCold    + . .     Gourm    +   o - +0 shield
rNeg     . . .     Faith    .   J - +0 steam dragon scales
rPois    +         Spirit   .   (helmet restricted)
rElec    .         Reflect  .   i - +2 cloak
rCorr    .         Harm     .   (gloves unavailable)
MR       +....                  (boots unavailable)
Stlth    ++........             (no amulet)
HPRegen  0.69/turn              C - ring of see invisible
MPRegen  0.16/turn              N - ring of Demons {rPois rF- MR+ Str+2}

@: slowed, very slow
A: large, unfitting armour, claws 3, clumsy 1, cold resistance 1, fast
metabolism 3, gourmand, mutation resistance 1, regeneration 1, shaggy fur 1,
tough skin 2
a: Recall Undead Slaves, Injury Mirror, Animate Dead, Drain Life, Enslave Soul,
Renounce Religion


You were on level 6 of the Lair of Beasts.
You worshipped Yredelemnul.
Yredelemnul was extremely pleased with you.
You were very full.

You visited 2 branches of the dungeon, and saw 17 of its levels.
You also visited: Ossuary.

You collected 1216 gold pieces.

Inventory:

Missiles
 F - 18 tomahawks (quivered)
 M - 4 javelins
 O - 9 large rocks
Armour
 i - a +2 cloak (worn)
 o - a +0 shield (worn)
 H - a +0 cloak of magic resistance
 J - +0 steam dragon scales (worn)
 K - a +2 robe of cold resistance
Jewellery
 v - an uncursed ring of ice
 C - a ring of see invisible (left claw)
 N - the ring of Demons (right claw) {rPois rF- MR+ Str+2}
   (You found it on level 10 of the Dungeon)

   [ring of protection from magic]

   It affects your strength (+2).
   It makes you vulnerable to fire.
   It protects you from poison.
   It affects your resistance to hostile enchantments.
Wands
 h - a wand of iceblast (14)
 t - a wand of clouds (7)
 y - a wand of disintegration (16)
 B - a wand of enslavement (4)
 D - a wand of flame (25)
 I - a wand of random effects (25)
 L - a wand of acid (4)
Scrolls
 d - 7 scrolls of enchant weapon
 e - 3 scrolls of fear
 g - 8 scrolls of teleportation
 j - 15 scrolls of identify
 l - 5 scrolls of remove curse
 s - 5 scrolls of amnesia
 u - 2 scrolls of enchant armour
 A - 3 scrolls of magic mapping
Potions
 c - 2 potions of mutation
 f - 7 potions of curing
 k - a potion of lignification
 m - 4 potions of haste
 n - 3 potions of heal wounds
 p - 4 potions of flight
 q - 2 potions of agility
 r - 2 potions of ambrosia
 w - 4 potions of brilliance
 x - a potion of magic
 z - 3 potions of berserk rage
Books
 a - a book of Conjurations

   Spells                             Type                      Level
   a - Magic Dart                     Conjuration                  1
   b - Searing Ray                    Conjuration                  2
   c - Dazzling Spray                 Conjuration/Hexes            3
   d - Fulminant Prism                Conjuration/Hexes            4
   e - Force Lance                    Conjuration/Translocation    4
   f - Iskenderun's Mystic Blast      Conjuration                  4
 E - a book of Party Tricks

   Spells                             Type                      Level
   a - Summon Butterflies             Summoning                    1
   b - Apportation                    Translocation                1
   c - Lesser Beckoning               Translocation                3
   d - Tukima's Dance                 Hexes                        3
   e - Alistair's Intoxication        Transmutation/Poison         5
   f - Invisibility                   Hexes                        6
 G - a book of Frost

   Spells                             Type                      Level
   a - Freeze                         Ice                          1
   b - Throw Frost                    Conjuration/Ice              2
   c - Ozocubu's Armour               Charms/Ice                   3
   d - Throw Icicle                   Conjuration/Ice              4
   e - Summon Ice Beast               Ice/Summoning                4
Comestibles
 b - 42 rations
 P - 2 chunks of flesh


   Skills:
 + Level 5.2 Fighting
 + Level 2.3 Throwing
 + Level 8.8 Dodging
 - Level 1.1 Stealth
 + Level 7.8 Shields
 + Level 16.0 Unarmed Combat
 + Level 8.3 Invocations
 + Level 1.0 Evocations


You had 12 spell levels left.
You didn't know any spells.

Dungeon Overview and Level Annotations

Branches:
Dungeon (11/15)            Temple (0/1) D:5            Lair (6/6) D:11
  Swamp (0/4) Lair:3       Spider (0/4) Lair:2        Slime (0/5) Lair:5
    Orc (0/2) D:9

Altars:
Cheibriados
Dithmenos
Elyvilon
Kikubaaqudgha
Ru
Vehumet
Yredelemnul
The Shining One
Beogh
Jiyva

Shops:
D:9 =   D:11 :

Annotations:
D:5 exclusion: statue
Lair:6 1 runed door


Innate Abilities, Weirdness & Mutations

You are too large for most types of armour.
You have claws for hands.
Your metabolism is lightning-fast.
You like to eat raw meat.
Your natural rate of healing is unusually fast.
You are covered in fur. (AC +1)
You have very tough skin. (AC +2)
You are clumsy. (Dex -2)
Your flesh is cold resistant. (rC+)
You are somewhat resistant to further mutation.


Message History

You claw the tyrant leech!
The tyrant leech is almost dead.
You block the tyrant leech's attack.
Your hornet zombie misses the tyrant leech.
The torpor snail barely misses you.
A lindwurm comes into view.
You scratch the tyrant leech but do no damage.
The tyrant leech is almost dead.
You block the tyrant leech's attack.
Your hornet zombie hits the tyrant leech.
You catch the helpless tyrant leech completely off-guard!
You mangle the tyrant leech!!
You kill the tyrant leech!
Yredelemnul accepts your kill. You block the torpor snail's attack.
The lindwurm breathes flames at you.
The blast of flame hits your hornet zombie.
The blast of flame hits you! The fire burns you terribly!
You die...
Your body rises from the dead as a mindless zombie.

.......## # #.......##
## #......## #$.
###ZZ...### ## #..
###.....##.# #..##
####..#.....##
#!..k###ZZZ..###....##


#..wZ.ZZZZZ## ##..... ###.@ZZ##### #.##.. ###### ###### You could see a torpor
snail, a lindwurm, a friendly komodo dragon zombie, a friendly tyrant leech
zombie, 2 friendly crocodile zombies, a friendly eight-headed hydra zombie, a
friendly swamp drake zombie, a friendly acid dragon zombie, a friendly hornet
zombie, 2 friendly torpor snail zombies and a friendly crocodile skeleton.

Vanquished Creatures
  The ghost of dvd the Brawler, a journeyman TrMo of Makhleb (Lair:3)
  Nessos (Lair:5)
  A fire dragon (Lair:6)
  The ghost of poxu the Thaumaturge, a journeyman DEWz of Vehumet (Lair:2)
  3 hydras
  Fannar (D:11)
  A catoblepas (Lair:3)
  2 cyclopes (D:11)
  A black mamba (Lair:1)
  7 elephants
  A gargoyle (D:11)
  2 torpor snails (Lair:6)
  6 spiny frogs
  2 rime drakes (Lair:6)
  14 komodo dragons
  4 tyrant leeches (Lair:6)
  Grinder (D:5)
  A troll (D:10)
  The ghost of 2BAD the Cudgeler, an amateur DsFi (D:4)
  5 hornets (Lair:6)
  5 hippogriffs
  A wyvern (Lair:3)
  A human (D:7)
  14 yaks
  2 hungry ghosts (D:8)
  2 steam dragons (Lair:6)
  6 swamp worms (Lair:3)
  An acid dragon (Lair:6)
  10 soldier ants (Lair:2)
  3 porcupines
  12 water moccasins
  A swamp drake (Lair:6)
  4 ice beasts
  An eye of draining (D:10)
  7 ogres
  2 phantoms
  7 wolves (Lair:6)
  2 centaurs
  8 crocodiles
  A big kobold (D:8)
  10 bullfrogs
  3 scorpions
  3 killer bees
  6 wights
  4 howler monkeys
  A wolf zombie (Lair:6)
  4 crimson imps
  A bullfrog zombie (D:11)
  5 hounds
  5 orc priests
  2 centaur zombies
  A human zombie (Ossuary)
  2 jellies
  6 orc wizards
  2 centaur skeletons
  3 iguanas
  13 worker ants
  A hound skeleton (D:3)
  5 mummies (Ossuary)
  A worker ant zombie (D:5)
  9 adders
  3 oozes
  3 worms
  3 dart slugs
  5 leopard geckos
  40 orcs
  15 giant cockroaches
  7 goblins
  6 hobgoblins
  12 jackals
  4 quokkas
  5 ball pythons
  8 bats
  7 frilled lizards
  A goblin zombie (Ossuary)
  10 kobolds
  2 kobold zombies (Ossuary)
  A leopard gecko skeleton (D:5)
  3 orc zombies (Ossuary)
  A quokka skeleton (D:7)
  A quokka zombie (D:5)
  7 rats
  A plant (Lair:6)
378 creatures vanquished.

Vanquished Creatures (collateral kills)
  Snorg (Lair:4)
  The ghost of w0lly the Cleaver, a journeyman DsBe of Trog (Lair:3)
  The ghost of poirepourri the Blocker, a journeyman MiFi of Makhleb (D:11)
  3 hydras
  A two-headed ogre (D:11)
  A queen ant (Lair:2)
  Nergalle (Lair:2)
  The ghost of dscm the Martial Artist, a novice OpFi of Cheibriados (D:9)
  A swamp dragon (Lair:6)
  2 oklob plants (Lair:3)
  A centaur zombie (D:8)
  3 elephants
  An ice statue (D:9)
  A torpor snail (Lair:6)
  2 komodo dragons
  A spiny frog (Lair:6)
  A rime drake (Lair:6)
  A polar bear (Lair:4)
  A hornet (Lair:6)
  3 blink frogs (Lair:6)
  3 hippogriffs
  A vampire (D:9)
  A wyvern (Lair:4)
  A basilisk (D:11)
  8 yaks
  3 hogs (D:7)
  Menkaure (D:7)
  3 water moccasins
  10 soldier ants (Lair:2)
  A swamp drake (Lair:6)
  2 orc warriors
  A porcupine (Lair:5)
  3 black bears
  A sky beast (D:7)
  A phantom (D:10)
  A necrophage (D:8)
  An ogre (D:7)
  A wolf (Lair:6)
  4 centaurs
  5 crocodiles
  Blork the orc (D:5)
  A big kobold (D:6)
  5 bullfrogs
  8 killer bees
  2 wights (D:9)
  An electric eel (Lair:3)
  A howler monkey (D:6)
  3 crimson imps
  A quasit (D:11)
  A hound (D:7)
  2 orc wizards
  11 worker ants (Lair:2)
  A hound skeleton (D:9)
  3 adders
  An adder skeleton (D:7)
  A leopard gecko (D:7)
  15 orcs
  A giant cockroach (D:8)
  3 jackals (D:8)
  A quokka (D:7)
  A ball python skeleton (D:6)
  9 kobolds
  A quokka zombie (D:8)
  12 fungi
  15 plants
181 creatures vanquished.

Vanquished Creatures (others)
  A skeletal warrior (Lair:2)
  A flayed ghost (Lair:6)
  16 flying skulls
  A vampire (Lair:2)
  5 wraiths
  4 spiny frog zombies
  A blink frog zombie (Lair:6)
  A sky beast (D:11)
  A rime drake zombie (Lair:6)
  A komodo dragon zombie (Lair:6)
  A hippogriff zombie (Lair:6)
  4 water moccasin zombies
  2 yak zombies
  3 wolf zombies (Lair:6)
  A bullfrog zombie (Lair:4)
  2 soldier ant zombies (Lair:2)
  An orc wizard (D:5)
  A porcupine zombie (Lair:4)
  An ogre zombie (D:4)
  4 worker ant zombies (Lair:2)
  A steam dragon skeleton (Lair:6)
  A kobold zombie (D:7)
  2 orc skeletons (D:5)
  A fungus (Lair:5)
  16 plants
73 creatures vanquished.

Grand Total: 632 creatures vanquished

Notes
Turn   | Place    | Note
-------+----------+-------------------------------------------
     0 | D:1      | dvd the Troll Monk began the quest for the Orb.
     0 | D:1      | Reached XP level 1. HP: 22/22 MP: 0/0
    59 | D:1      | Reached XP level 2. HP: 26/29 MP: 1/1
   310 | D:2      | Reached XP level 3. HP: 13/36 MP: 2/2
   521 | D:2      | Reached XP level 4. HP: 44/44 MP: 3/3
   601 | D:2      | Found an ancient bone altar of Kikubaaqudgha.
   661 | D:2      | Reached skill level 4 in Unarmed Combat
  1397 | D:3      | Reached XP level 5. HP: 52/52 MP: 4/4
  1923 | D:4      | Reached skill level 5 in Unarmed Combat
  1965 | D:4      | Noticed an ogre
  1973 | D:4      | Killed an ogre
  1973 | D:4      | Reached skill level 1 in Shields
  1973 | D:4      | Reached XP level 6. HP: 55/61 MP: 5/5
  2083 | D:4      | Reached skill level 6 in Unarmed Combat
  2152 | D:4      | Found a basalt altar of Yredelemnul.
  2159 | D:4      | Became a worshipper of Yredelemnul the Dark
  2159 | D:4      | Reached * piety under Yredelemnul
  2159 | D:4      | Reached ** piety under Yredelemnul
  2246 | D:4      | Noticed 2BAD's ghost (amateur DsFi)
  2264 | D:4      | Killed 2BAD's ghost
  2264 | D:4      | Reached XP level 7. HP: 27/67 MP: 6/6
  2403 | D:4      | Found a sand-covered staircase.
  2408 | Ossuary  | Entered an ossuary
  2478 | Ossuary  | Reached skill level 7 in Unarmed Combat
  3080 | D:5      | Entered Level 5 of the Dungeon
  3101 | D:5      | Reached XP level 8. HP: 35/75 MP: 7/7
  3158 | D:4      | Reached skill level 8 in Unarmed Combat
  3476 | D:5      | Reached skill level 1 in Invocations
  3488 | D:5      | Found a staircase to the Ecumenical Temple.
  3489 | D:5      | Noticed Blork the orc
  3499 | D:5      | Killed Blork the orc
  3544 | D:5      | Noticed Grinder
  3546 | D:5      | Killed Grinder
  3771 | D:5      | Found a snail-covered altar of Cheibriados.
  3859 | D:5      | Found a radiant altar of Vehumet.
  3977 | D:6      | Reached *** piety under Yredelemnul
  3977 | D:6      | Reached skill level 9 in Unarmed Combat
  4184 | D:6      | Reached XP level 9. HP: 79/83 MP: 9/9
  4436 | D:6      | Reached skill level 5 in Dodging
  4448 | D:6      | Received a gift from Yredelemnul (4 flying skulls)
  4466 | D:7      | Received a gift from Yredelemnul (5 flying skulls)
  4520 | D:7      | Noticed Menkaure
  4527 | D:7      | Killed Menkaure
  4527 | D:7      | Reached skill level 10 in Unarmed Combat
  4962 | D:7      | Found a white marble altar of Elyvilon.
  5089 | D:7      | Reached skill level 11 in Unarmed Combat
  5092 | D:7      | Reached XP level 10. HP: 92/92 MP: 11/11
  5207 | D:8      | Reached **** piety under Yredelemnul
  5453 | D:8      | Found a glowing golden altar of the Shining One.
  5532 | D:8      | Found a glowing golden altar of the Shining One.
  5752 | D:9      | Found a staircase to the Orcish Mines.
  5793 | D:9      | Received a gift from Yredelemnul (a wraith)
  5796 | D:9      | Found a white marble altar of Elyvilon.
  6013 | D:9      | Noticed dscm's ghost (novice OpFi)
  6018 | D:9      | Killed dscm's ghost
  6018 | D:9      | Reached skill level 5 in Shields
  6028 | D:9      | Found Ojish's Jewellery Shop.
  6036 | D:9      | Received a gift from Yredelemnul (a flying skull)
  6093 | D:9      | Noticed an ice statue
  6104 | D:9      | Killed an ice statue
  6297 | D:9      | Reached ***** piety under Yredelemnul
  6415 | D:9      | Found a roughly hewn altar of Beogh.
  6714 | D:10     | Entered Level 10 of the Dungeon
  6754 | D:10     | Reached skill level 12 in Unarmed Combat
  6760 | D:10     | Received a gift from Yredelemnul (a wraith)
  7291 | D:10     | Got a flickering ivory ring
  7293 | D:10     | Identified the ring of Demons {rPois rF- MR+ Str+2} (You found it on level 10 of the Dungeon)
  7379 | D:11     | Noticed poirepourri's ghost (journeyman MiFi)
  7397 | D:11     | Killed poirepourri's ghost
  7397 | D:11     | Reached XP level 11. HP: 92/100 MP: 13/13
  7423 | D:11     | Received a gift from Yredelemnul (2 flying skulls)
  7498 | D:11     | Found a staircase to the Lair.
  7785 | D:11     | Received a gift from Yredelemnul (a vampire)
  7993 | D:11     | Found a shadowy altar of Dithmenos.
  8032 | D:11     | Noticed Fannar
  8042 | D:11     | Killed Fannar
  8160 | D:11     | Found Vitzimeh's Book Boutique.
  8240 | D:11     | Noticed a two-headed ogre
  8249 | D:11     | Killed a two-headed ogre
  8435 | Lair:1   | Entered Level 1 of the Lair of Beasts
  8584 | Lair:1   | Reached skill level 13 in Unarmed Combat
  8584 | Lair:1   | Reached skill level 5 in Invocations
  9103 | Lair:2   | Received a gift from Yredelemnul (a wraith)
  9194 | Lair:2   | Noticed poxu's ghost (journeyman DEWz)
  9204 | Lair:2   | Noticed Nergalle
  9208 | Lair:2   | Killed poxu's ghost
  9222 | Lair:2   | Killed Nergalle
  9342 | Lair:2   | Received a gift from Yredelemnul (a skeletal warrior)
  9364 | Lair:2   | Noticed a queen ant
  9390 | Lair:2   | Killed a queen ant
  9430 | Lair:2   | Reached XP level 12. HP: 106/109 MP: 9/15
  9490 | Lair:2   | Noticed a seven-headed hydra
  9501 | Lair:2   | Killed an eight-headed hydra
  9676 | Lair:2   | Found a hole to the Spider Nest.
  9892 | Lair:3   | Noticed a catoblepas
  9908 | Lair:3   | Killed a catoblepas
  9908 | Lair:3   | Reached skill level 14 in Unarmed Combat
  9957 | Lair:3   | Reached skill level 1 in Throwing
 10085 | Lair:3   | Noticed dvd's ghost (journeyman TrMo)
 10098 | Lair:3   | Killed dvd's ghost
 10159 | Lair:3   | Received a gift from Yredelemnul (4 flying skulls)
 10198 | Lair:3   | Noticed w0lly's ghost (journeyman DsBe)
 10206 | Lair:3   | Killed w0lly's ghost
 10334 | Lair:3   | Gained mutation: Your flesh is cold resistant. (rC+) [potion of mutation]
 10334 | Lair:3   | Gained mutation: You are clumsy. (Dex -2) [potion of mutation]
 10334 | Lair:3   | Gained mutation: You are somewhat resistant to further mutation. [potion of mutation]
 10516 | Lair:3   | Found a staircase to the Swamp.
 10920 | Lair:4   | Reached skill level 5 in Fighting
 11029 | Lair:4   | Noticed a six-headed hydra
 11037 | Lair:4   | Killed a six-headed hydra
 11042 | Lair:4   | Received a gift from Yredelemnul (a wraith)
 11429 | Lair:4   | Reached skill level 15 in Unarmed Combat
 11452 | Lair:4   | Reached XP level 13. HP: 75/118 MP: 17/17
 11732 | Lair:5   | Noticed Nessos
 11755 | Lair:5   | Noticed Snorg
 11760 | Lair:4   | Received a gift from Yredelemnul (a wraith)
 11804 | Lair:4   | Killed Snorg
 12126 | Lair:5   | Killed Nessos
 12461 | Lair:5   | Found a viscous altar of Jiyva.
 12462 | Lair:5   | Found a staircase to the Slime Pits.
 12686 | Lair:6   | Entered Level 6 of the Lair of Beasts
 12696 | Lair:6   | Reached skill level 1 in Evocations
 12734 | Lair:6   | Identified a scroll of acquirement
 12981 | Lair:6   | Found a sacrificial altar of Ru.
 13271 | Lair:6   | Received a gift from Yredelemnul (a flayed ghost)
 13315 | Lair:6   | Found the +7 captain's cutlass {speed, disarm}
 13419 | Lair:6   | Paralysed by a hornet for 1 turns
 13556 | Lair:6   | Noticed a fire dragon
 13565 | Lair:6   | Killed a fire dragon
 13828 | Lair:6   | Found a runed door.
 13861 | Lair:6   | Reached skill level 16 in Unarmed Combat
 13911 | Lair:6   | Killed from afar by a lindwurm

Skill      XL: |  1  2  3  4  5  6  7  8  9 10 11 12 13 |
---------------+----------------------------------------+-----
Dodging        | 3 4 5 6 7 8 |  8.8
Unarmed Combat | 4 5 6 7 9 11 12 13 15 16 | 16.0
Fighting       | 3 4 5 |  5.2
Shields        | 1 2 3 4 5 6 7 |  7.8
Invocations    | 1 2 4 5 7 8 |  8.3
Throwing       | 1 2 |  2.3
Evocations     | 1 |  1.0
Stealth        | |  1.1

Action                   |  1- 3 |  4- 6 |  7- 9 | 10-12 | 13-15 || total
-------------------------+-------+-------+-------+-------+-------++-------
Melee: Unarmed           |    94 |   192 |   264 |   559 |   202 ||  1311
Throw: Tomahawk          |       |       |       |    21 |     8 ||    29
Invok: Injury Mirror     |       |     1 |       |     5 |     4 ||    10
       Animate Remains   |       |       |     6 |       |       ||     6
       Animate Dead      |       |       |     8 |    32 |    21 ||    61
       Recall Undead Sla |       |       |     1 |    21 |     4 ||    26
       Drain Life        |       |       |       |     1 |     1 ||     2
Evoke: Wand              |       |       |     1 |     2 |     5 ||     8
  Use: Scroll            |       |       |     7 |    13 |     3 ||    23
       Potion            |       |       |       |     9 |       ||     9
 Stab: Sleeping          |       |     4 |     6 |     6 |     1 ||    17
       Distracted        |       |       |       |    13 |     4 ||    17
  Eat: Chunk             |    10 |    16 |    31 |    70 |    29 ||   156
Armor: Robe              |    35 |    48 |    50 |    75 |    25 ||   233
       Steam dragon scal |       |       |       |       |     3 ||     3
Dodge: Dodged            |    41 |    56 |   106 |   180 |    99 ||   482
Block: Shield            |     7 |    59 |   126 |   209 |    99 ||   500
